 Dungeon Crawl Stone Soup version 0.20.1-2-g1830e616b0 (webtiles) character file.

133 Alfie the Shooter (level 5, -3/39 HPs)
             Began as a Human Hunter on Jan 30, 2020.
             Slain by Alfie's ghost (8 damage)
             ... on level 3 of the Dungeon.
             The game lasted 00:07:11 (1527 turns).

Alfie the Shooter (Human Hunter)                    Turns: 1527, Time: 00:07:12

Health: -3/39      AC:  4    Str: 14    XL:     5   Next: 39%
Magic:  5/5        EV: 12    Int: 11    God:
Gold:   127        SH:  0    Dex: 13    Spells: 4/4 levels left

rFire    . . .     SeeInvis .   b - +1 short sword
rCold    . . .     Gourm    .   (no shield)
rNeg     . . .     Faith    .   c - +1 leather armour
rPois    .         Spirit   .   (no helmet)
rElec    .         Reflect  .   (no cloak)
rCorr    .         Harm     .   (no gloves)
MR       .....                  (no boots)
Stlth    +.........             (no amulet)
Regen    0.2/turn               (no ring)
MPRegen  0.1/turn               (no ring)

@: no status effects
A: no striking features
a: no special abilities


You were on level 3 of the Dungeon.
You were not hungry.

You visited 1 branch of the dungeon, and saw 3 of its levels.

You collected 127 gold pieces.

Inventory:

Hand Weapons
 a - a +1 shortbow
 b - a +1 short sword (weapon)
Missiles
 d - 28 arrows
Armour
 c - a +1 leather armour (worn)
Scrolls
 l - a scroll of fear
 r - a scroll of identify
Potions
 e - a potion of lignification {unknown}
 h - a potion of curing
 m - a potion of flight
 o - 2 potions of degeneration {unknown}
 p - a potion of magic {unknown}
 q - a potion of heal wounds {unknown}
 s - a potion of cancellation {unknown}
Comestibles
 f - 2 bread rations
 g - 3 meat rations
 i - 3 fruits
 k - 2 royal jellies


   Skills:
 + Level 2.6 Fighting
 + Level 5.7 Bows
 + Level 1.2 Armour
 + Level 2.1 Dodging
 + Level 1.1 Stealth


You had 4 spell levels left.
You didn't know any spells.

Dungeon Overview and Level Annotations

Branches:
Dungeon (3/15)

Altars:
Gozag
Kikubaaqudgha
Zin

Annotations:
D:3 Alfie's ghost, novice HuHu


Message History

Alfie's ghost is lightly damaged.
Alfie's ghost barely misses you.
You closely miss Alfie's ghost.
Alfie's ghost is lightly damaged.
Alfie's ghost hits you!
* * * LOW HITPOINT WARNING * * *
You barely miss Alfie's ghost.
Alfie's ghost is lightly damaged.
Alfie's ghost hits you but does no damage.
You hit Alfie's ghost.
Alfie's ghost is lightly damaged.
Alfie's ghost hits you.
* * * LOW HITPOINT WARNING * * *
You hit Alfie's ghost.
Alfie's ghost is moderately damaged.
Alfie's ghost barely misses you.
You closely miss Alfie's ghost.
Alfie's ghost is moderately damaged.
Alfie's ghost hits you!
You die...

..#)# ..#.#
...(. #.#(#
#.#.#
#.#(########
#####.#(W(......
#.....†>@#
#........# #
#........# .#
#....###.###.#
#...## ##.#..#
#...# ....
#...## ##.... .
####.###.##...
... #.....#
##.#....


You could see Alfie's ghost.

Vanquished Creatures
  An iguana (D:3)
  4 adders
  3 worms (D:2)
  2 dart slugs (D:1)
  A leopard gecko (D:2)
  2 ball pythons (D:3)
  4 giant cockroaches
  8 goblins
  8 hobgoblins
  4 jackals (D:2)
  7 kobolds
  4 bats
  2 frilled lizards
  8 rats
58 creatures vanquished.

Notes
Turn   | Place    | Note
-------+----------+-------------------------------------------
     0 | D:1      | Alfie the Human Hunter began the quest for the Orb.
     0 | D:1      | Reached XP level 1. HP: 16/16 MP: 1/1
   152 | D:1      | Reached XP level 2. HP: 17/22 MP: 2/2
   443 | D:1      | Reached XP level 3. HP: 13/27 MP: 3/3
   774 | D:2      | Found an ancient bone altar of Kikubaaqudgha.
   944 | D:2      | Found a glowing silver altar of Zin.
   992 | D:2      | Reached skill level 5 in Bows
  1035 | D:2      | Found an opulent altar of Gozag.
  1107 | D:2      | Reached XP level 4. HP: 8/33 MP: 4/4
  1467 | D:3      | Found a faded altar of an unknown god.
  1483 | D:3      | Reached XP level 5. HP: 26/39 MP: 5/5
  1488 | D:3      | Reached skill level 1 in Armour
  1510 | D:3      | Noticed Alfie's ghost (novice HuHu)
  1527 | D:3      | Slain by Alfie's ghost

Skill      XL: |  1  2  3  4  5 |
---------------+----------------+-----
Bows           | 5 |  5.7
Armour         | 1 |  1.2
Fighting       | |  2.6
Dodging        | |  2.1
Stealth        | |  1.1

Action                   |  1- 3 |  4- 6 || total
-------------------------+-------+-------++-------
Melee: Short sword       |     3 |    27 ||    30
 Fire: Shortbow          |    83 |    64 ||   147
  Use: Scroll            |     1 |     6 ||     7
       Potion            |       |     1 ||     1
  Eat: Bread ration      |       |     1 ||     1
Armor: Leather armour    |     6 |    13 ||    19
Dodge: Dodged            |    12 |    34 ||    46
